 Dungeon Crawl Stone Soup version 0.28.0-53-g5a82cb258f (webtiles) character file.

Game seed: 4593698869751064726

93 VictoriousLee the Digger (level 4, -4/24 HPs)
             Began as a Gargoyle Earth Elementalist on July 22, 2022.
             Killed by nerve-wracking pain
             ... invoked by an orc priest
              (5 damage)
             ... on level 3 of the Dungeon.
             The game lasted 00:06:21 (2072 turns).

VictoriousLee the Digger (GrEE)                     Turns: 2072, Time: 00:06:21

Health: -4/24      AC:  5    Str: 12    XL:     4   Next: 62%
Magic:  4/7        EV: 11    Int: 17    God:
Gold:   123        SH:  0    Dex: 10    Spells: 1/7 levels left

rFire   . . .      SeeInvis .   j - +4 spear of Karma {speed, rC+ Stlth+}
rCold   + . .      Faith    .   (no shield)
rNeg    + . .      Spirit   .   b - +0 robe
rPois   ∞          Reflect  .   (no helmet)
rElec   +          Harm     .   (no cloak)
rCorr   .          Rampage  .   (no gloves)
Will    .....                   (no boots)
Stlth   ++........              (no amulet)
HPRegen 0.08/turn               (no ring)
MPRegen 0.10/turn               (no ring)

@: confused
A: sickness immunity, AC +3, negative energy resistance 1, electricity
resistance, torment resistance 1, petrification resistance
a: no special abilities


You were on level 3 of the Dungeon.
You visited 1 branch of the dungeon, and saw 3 of its levels.

You collected 123 gold pieces.

Inventory:

Hand Weapons
 a - a +0 club
 j - the +4 spear of Karma (weapon) {speed, rC+ Stlth+}
   (You found it on level 2 of the Dungeon)

   Attacks with this weapon are significantly faster.
   rC:        It protects you from cold.
   Stlth:     It makes you more stealthy.
 q - a +2 mace of protection
Missiles
 c - 95 stones
 n - 28 arrows
Armour
 b - a +0 robe (worn)
 f - a +0 ring mail
 k - an orb of wrath
Scrolls
 d - 2 scrolls of fear {unknown}
 g - a scroll of blinking {unknown}
 h - a scroll of vulnerability {unknown}
 i - a scroll of enchant weapon {unknown}
 o - a scroll of magic mapping {unknown}
 p - 2 scrolls of identify {unknown}
Potions
 e - a potion of attraction {unknown}
 l - a potion of brilliance {unknown}
 m - a potion of haste {unknown}


   Skills:
 - Level 1.5 Dodging
 - Level 2.1 Stealth
 - Level 2.0 Spellcasting
 * Level 2.5 Conjurations
 - Level 0.7 Transmutations
 + Level 5.5 Earth Magic


You had one spell level left.
You knew the following spells:

 Your Spells              Type           Power      Damage    Failure   Level
a - Sandblast             Erth           40%        2d10      1%          1
p - Passwall              Tmut/Erth      10%        N/A       9%          2
s - Stone Arrow           Conj/Erth      30%        3d8       11%         3

Your spell library contained the following spells:

 Spells                   Type           Power      Damage    Failure   Level
 Petrify                  Tmut/Erth      12%        N/A       47%         4


Dungeon Overview and Level Annotations

Branches:
Dungeon (3/15)

Altars:
Trog
Vehumet

Annotations:
D:3 1 transporter, DemonSlayer's ghost, amateur DsFE


Innate Abilities, Weirdness & Mutations

You are immune to sickness and miasma.
Your stone body is resilient. (AC +3)
You are immune to poison.
You resist negative energy. (rN+)
You are resistant to electric shocks. (rElec)
You are resistant to unholy torment.
You are immune to petrification.


Message History

You kill the frilled lizard!
No target in view!
An orc comes into view. It is wielding a +0 club.
An adder and an orc priest come into view.
The orc shouts!
An orc wizard comes into view. It is wielding a +0 dagger.
Aiming: Sandblast (safe; 1% risk of failure)
Press: ? - help, Q - select action, (/) - cycle Shift-Dir - straight line, f - adder
Aim: an adder (68% to hit)
The blast of sand hits the adder.
The adder is heavily wounded.
You hit the adder.
You kill the adder!
Aiming: Sandblast (safe; 1% risk of failure)
Press: ? - help, Q - select action, (/) - cycle Shift-Dir - straight line, f - orc
Aim: an orc, wielding a +0 club (81% to hit)
The blast of sand hits the orc!
You kill the orc!
A rat comes into view.
The orc priest mumbles some strange prayers to Beogh against you.
Beogh smites you!
Aiming: Sandblast (safe; 1% risk of failure)
Press: ? - help, Q - select action, (/) - cycle Shift-Dir - straight line, f - orc priest
Aim: an orc priest, wielding a +0 club (81% to hit)
The blast of sand hits the orc priest!
The orc priest is almost dead.
The orc wizard casts a spell at you. The puff of flame hits you!
* * * LOW HITPOINT WARNING * * *
The orc priest hits you with a +0 club.
* * * LOW HITPOINT WARNING * * *
The orc wizard points at you and mumbles some strange words.
You are confused.
Unknown command.
You're too confused to cast spells.
Okay, then.
An orc comes into view. It is wielding a +0 club.
The orc priest invokes the aid of Beogh against you.
Pain shoots through your body!
You die...

#.. ....#.. #..#
.....#..
#..#############..
#.................
##.................
#........#######.## .
#.#...##.# #...
....##.#..#.#.########..
...o'o)@................
...r##.#......#####.....
o #.##.##..# #.#...
#.......)# #..#..
....######.## #.#.#. ≈≈
. #.# #.#.#. ≈. #.#
#..... ≈. #.# ###.## #.#


You could see an orc priest, an orc wizard, an orc (wandering) and a rat.

Vanquished Creatures
  5 adders
  A worm (D:2)
  A dart slug (D:1)
  An orc (D:3)
  5 ball pythons
  5 bats
  3 endoplasms
  A giant cockroach (D:1)
  7 goblins
  3 hobgoblins
  A quokka (D:2)
  A frilled lizard (D:3)
  4 kobolds
  6 rats
44 creatures vanquished.

Notes
Turn   | Place    | Note
-------+----------+-------------------------------------------
     0 | D:1      | VictoriousLee the Gargoyle Earth Elementalist began the
                  | quest for the Orb.
     0 | D:1      | Reached XP level 1. HP: 10/10 MP: 3/3
   116 | D:1      | Reached skill level 4 in Earth Magic
   322 | D:1      | Reached XP level 2. HP: 15/15 MP: 0/5
   325 | D:1      | Learned a level 2 spell: Passwall
   555 | D:1      | Found a faded altar of an unknown god.
   860 | D:2      | Reached skill level 5 in Earth Magic
   860 | D:2      | Reached XP level 3. HP: 19/19 MP: 2/6
   864 | D:2      | Learned a level 3 spell: Stone Arrow
   920 | D:2      | Identified the +4 spear of Karma {speed, rC+ Stlth+}
   978 | D:2      | Reached skill level 1 in Conjurations
  1043 | D:2      | Reached XP level 4. HP: 20/24 MP: 4/7
  1263 | D:2      | Found a bloodstained altar of Trog.
  1782 | D:3      | Found a radiant altar of Vehumet.
  1857 | D:3      | Found a transporter.
  1859 | D:3      | Noticed DemonSlayer's ghost (amateur DsFE)
  2070 | D:3      | HP: 1/24 [orc priest/+0 club (2)]
  2072 | D:3      | Killed from afar by an orc priest

Illustrated notes

Levels and vault maps discovered:
D:1:      nagdon_arrival_double_spiral, layout_rooms,
          shapermc_ecumenical_altar_venn
D:2:      layout_loops_cross, basic_altar
D:3:      layout_loops_corners, mainiacjoe_overflow_catwalk,
          lemuel_doored_altar, gammafunk_ghost_mausoleum, uniq_robin,
          uniq_grinder

Skill      XL: |  1  2  3  4 |
---------------+-------------+-----
Earth Magic    | 4 5 |  5.5
Conjurations   | 1 2 |  2.5
Dodging        | |  1.5
Stealth        | |  2.1
Spellcasting   | |  2.0
Transmutations | |  0.7

Action                   |  1- 3 |  4- 6 || total
-------------------------+-------+-------++-------
Melee: Club              |    13 |       ||    13
       Spear             |    33 |    24 ||    57
 Cast: Sandblast         |    24 |     5 ||    29
 Stab: Sleeping          |     3 |     4 ||     7
Armor: Robe              |    14 |     1 ||    15
Dodge: Dodged            |    19 |     6 ||    25
